AoeStats
← lord pingostini

Highland

504341348Analyzed
4v4 RM · 27d ago on Sep 4, 2026· 19m 21s· 8 players
Game mode
Random Map
Map size
Large (8 player)
Population
200
Speed
Normal
Resources
Standard
Victory
Conquest
Starting age
Dark Age
Ending age
Imperial Age
RankedLock teamsTeams togetherTeam positionsShared explorationLock speedFull tech treeHidden civsTurbo modeCheats
Victory
Defeat
🇩🇪 Shu · Germany
1178
+12
🇺🇸 Persians · United States
1018
+18
🇨🇦 Khmer · Canada
942
+21
🇨🇦 Teutons · Canada
922
+21
🇵🇪 Bengalis · Peru
1132
-21
🇧🇷 Portuguese · Brazil
1062
-18
🇦🇷 Huns · Argentina
1040
-50
🇵🇪 Vikings · Peru
1019
-16
Gustamontec
5:47 Loom
15:06 Feudal Age
17:08 Wheelbarrow
16:20 Double-Bit Axe
16:20 Fishing Lines
17:48 Stone Mining
17:51 Gold Mining
19:26 Scale Mail Armor
21:27 Castle Age
19:49 Forging
19:44 Scale Barding Armor
braysonyt
0:26 Loom
12:23 Feudal Age
17:36 Castle Age
15:51 Horse Collar
16:33 Double-Bit Axe
17:17 Town Watch
Renannve
6:44 Loom
11:33 Feudal Age
13:12 Wheelbarrow
16:10 Castle Age
14:18 Double-Bit Axe
14:53 Horse Collar
lord pingostini
12:20 Feudal Age
FIGMAN
8:20 Loom
11:06 Feudal Age
12:01 Double-Bit Axe
19:19 Castle Age
17:35 Horse Collar
19:51 Gold Mining
CodeRed7109
4:37 Loom
9:45 Feudal Age
10:06 Horse Collar
10:11 Double-Bit Axe
19:31 Bloodlines
21:48 Castle Age
test123
12:33 Feudal Age
14:32 Wheelbarrow
13:45 Double-Bit Axe
16:25 Bloodlines
20:06 Castle Age
mrweissbrot
8:24 Loom
10:54 Feudal Age
11:33 Double-Bit Axe
15:21 Horse Collar
17:43 Gold Mining
21:21 Castle Age
Connection lost

Rejoining the realm…

Still unreachable

The connection could not be restored.

Session expired

The server has moved on; the page needs a fresh start.